 Dungeon Crawl Stone Soup version 0.28-a0-1594-ga885d4b3d6 (webtiles) character file.

Game seed: 2711359353084642414

893 vineage the Skirmisher (level 8, -2/53 HPs)
             Began as a Gargoyle Fighter on Jan 20, 2022.
             Slain by a gnoll (4 damage)
             ... on level 4 of the Dungeon.
             The game lasted 00:04:05 (4166 turns).

vineage the Skirmisher (Gargoyle Fighter)           Turns: 4166, Time: 00:04:05

Health: -2/53      AC: 16    Str: 19    XL:     8   Next: 6%
Magic:  8/8        EV:  9    Int: 10    God:
Gold:   203        SH:  5    Dex: 14    Spells: 7/7 levels left

rFire   . . .      SeeInvis .   j - +0 morningstar
rCold   . . .      Faith    .   c - +0 buckler
rNeg    + . .      Spirit   .   b - +0 scale mail
rPois   ∞          Reflect  .   (no helmet)
rElec   +          Harm     .   l - +0 cloak
rCorr   .          Rampage  .   i - +1 pair of gloves {Dex+3}
Will    .....                   (no boots)
Stlth   ..........              (no amulet)
HPRegen 0.17/turn               (no ring)
MPRegen 0.11/turn               (no ring)

@: mighty, attractive
A: sickness immunity, AC +5, negative energy resistance 1, electricity
resistance, torment resistance 1, petrification resistance
a: no special abilities


You were on level 4 of the Dungeon.
You visited 1 branch of the dungeon, and saw 4 of its levels.

You collected 203 gold pieces.

Inventory:

Hand Weapons
 a - a +0 flail
 j - a +0 morningstar (weapon)
Armour
 b - a +0 scale mail (worn)
 c - a +0 buckler (worn)
 i - a +1 pair of gloves of dexterity (worn)
 l - a +0 cloak (worn)
Jewellery
 g - an amulet of faith
Wands
 p - a wand of polymorph (9)
Scrolls
 k - a scroll of identify
 m - 2 scrolls of teleportation
 n - a scroll of amnesia {unknown}
Potions
 d - a potion of might
 e - a potion of haste
 h - a potion of mutation


   Skills:
 * Level 7.0 Fighting
 + Level 4.4 Maces & Flails
 + Level 5.3 Armour
 + Level 5.4 Shields


You had 7 spell levels left.
You didn't know any spells.
Your spell library contained the following spells:

 Spells                   Type           Power      Damage    Failure   Level
 Summon Guardian Golem    Hex/Summ       0%         N/A       99%         3
 Orb of Destruction       Conj           0%         9d5       100%        7
 Spellforged Servitor     Conj/Summ      0%         N/A       100%        7


Dungeon Overview and Level Annotations

Branches:
Dungeon (4/15)
 Temple: D:4-7

Altars:
Dithmenos
Elyvilon
Qazlal
Sif Muna
Yredelemnul


Innate Abilities, Weirdness & Mutations

You are immune to sickness and miasma.
Your stone body is resilient. (AC +5)
You are immune to poison.
You resist negative energy. (rN+)
You are resistant to electric shocks. (rElec)
You are resistant to unholy torment.
You are immune to petrification.


Message History

The ufetubus closely misses you.
The gnoll hits you from afar with a +0 halberd!
* * * LOW HITPOINT WARNING * * *
You block the gnoll's attack.
The ufetubus hits you but does no damage. x2
You hit the ufetubus.
The ufetubus is almost dead.
The ufetubus barely misses you. The ufetubus closely misses you.
You block the gnoll's attack.
The ufetubus hits you but does no damage.
You block the ufetubus's attack.
You sock the ufetubus!
You kill the ufetubus!
The gnoll hits you but does no damage.
Your Fighting skill increases to level 7!
The gnoll hits you but does no damage. The gnoll barely misses you.
You sock the gnoll!
The gnoll is almost dead.
You block the gnoll's attack.
The gnoll hits you from afar with a +0 halberd.
* * * LOW HITPOINT WARNING * * *
The gnoll closely misses you.
You puncture the gnoll!
You kill the gnoll!
The gnoll closely misses you. The gnoll barely misses you.
You completely miss the gnoll.
The gnoll hits you with a +1 whip of venom.
* * * LOW HITPOINT WARNING * * *
The gnoll hits you but does no damage.
You barely miss the gnoll. You block the gnoll's attack.
The gnoll closely misses you. The gnoll barely misses you.
You thump the gnoll!
You kill the gnoll!
You block the gnoll's attack.
The gnoll hits you from afar with a +0 halberd.
* * * LOW HITPOINT WARNING * * *
It was a potion of attraction.
You feel attractive to monsters.
The gnoll hits you from afar with a +0 halberd.
You die...

#...............
#.######......##
#.# #...>.## #.#
###.### ###.######
#.#
#...##...###.##
#.####.#......#
#.# #...###..####
#@# ##.## #......
#)#.###.####.#####
#..g...........#
......#.###....###
#..######## ####.#
#. #.# #.# #.# #.#


You could see a gnoll.

Vanquished Creatures
  Sigmund (D:4)
  A necrophage (D:3)
  A bullfrog (D:3)
  2 howler monkeys
  2 iguanas (D:4)
  3 orc priests
  A hound (D:4)
  Terence (D:2)
  5 orc wizards
  6 gnolls
  4 adders
  2 ufetubi (D:4)
  3 worms (D:2)
  2 dart slugs (D:1)
  11 orcs
  4 ball pythons
  3 bats
  2 endoplasms
  4 giant cockroaches
  8 goblins
  5 hobgoblins
  A quokka (D:2)
  6 frilled lizards
  A goblin zombie (D:3)
  8 kobolds
  4 rats
  A bush (D:3)
92 creatures vanquished.

Vanquished Creatures (others)
  A ball python (D:3)
1 creature vanquished.

Grand Total: 93 creatures vanquished

Notes
Turn   | Place    | Note
-------+----------+-------------------------------------------
     0 | D:1      | vineage the Gargoyle Fighter began the quest for the Orb.
     0 | D:1      | Reached XP level 1. HP: 14/14 MP: 1/1
   194 | D:1      | Reached XP level 2. HP: 17/19 MP: 2/2
   881 | D:1      | Reached XP level 3. HP: 24/24 MP: 3/3
   966 | D:2      | Reached skill level 4 in Fighting
  1061 | D:2      | Found a faded altar of an unknown god.
  1062 | D:2      | Noticed a golden eye
  1087 | D:2      | Noticed a shining eye
  1088 | D:2      | Noticed a golden eye
  1088 | D:2      | Noticed a golden eye
  1269 | D:2      | Reached XP level 4. HP: 28/29 MP: 4/4
  1384 | D:2      | Noticed Terence
  1392 | D:2      | Killed Terence
  2021 | D:2      | Reached XP level 5. HP: 34/34 MP: 5/5
  2147 | D:3      | Found a shadowy altar of Dithmenos.
  2192 | D:3      | Reached skill level 5 in Fighting
  2262 | D:3      | Reached XP level 6. HP: 40/40 MP: 6/6
  2329 | D:3      | Found a stormy altar of Qazlal.
  2331 | D:3      | Noticed a necrophage
  2343 | D:3      | Killed a necrophage
  2723 | D:3      | Reached XP level 7. HP: 17/45 MP: 7/7
  2725 | D:3      | Reached skill level 6 in Fighting
  2911 | D:3      | Found a shimmering blue altar of Sif Muna.
  2920 | D:3      | Found a runed translucent door.
  2920 | D:3      | Noticed a human
  2922 | D:3      | Found a basalt altar of Yredelemnul.
  3278 | D:4      | Identified a scroll of acquirement
  3278 | D:4      | Acquired a +1 pair of gloves of dexterity
  3502 | D:4      | Noticed Sigmund
  3514 | D:4      | Killed Sigmund
  3515 | D:4      | Reached skill level 5 in Armour
  3515 | D:4      | Reached skill level 5 in Shields
  3635 | D:4      | Found a white marble altar of Elyvilon.
  4029 | D:4      | Reached XP level 8. HP: 38/52 MP: 8/8
  4160 | D:4      | Reached skill level 7 in Fighting
  4165 | D:4      | HP: 2/53 [gnoll (5)]
  4166 | D:4      | Slain by a gnoll

Illustrated notes

Levels and vault maps discovered:
D:1:      minmay_arrival_arboretum_small, layout_basic, solitary_fountain
D:2:      layout_rooms, hellmonk_ecumenical_altar_watching_god,
          hangedman_decor_clover_reticule, nicolae_wormholes, uniq_terence
D:3:      layout_loops_ring, nicolae_dithmenos_shadow_blocks,
          lemuel_round_altar, led_sif_book, dk_yredelemnul_ordeal,
          serial_forest, infiniplex_forest_straight_3, infiniplex_forest_end_3,
          infiniplex_forest_straight_5, infiniplex_forest_lined_room_2,
          infiniplex_forest_lined_3_way, infiniplex_forest_corner_1,
          infiniplex_forest_lined_2, roderic_three_in_a_row,
          minmay_misc_feat_nine_boxes
D:4:      layout_loops_ring, lemuel_crystal_altar, uniq_sigmund

Skill      XL: |  1  2  3  4  5  6  7  8 |
---------------+-------------------------+-----
Fighting       | 4 5 6 7 |  7.0
Shields        | 4 5 |  5.4
Armour         | 4 5 |  5.3
Maces & Flails | 3 4 |  4.4

Action                   |  1- 3 |  4- 6 |  7- 9 || total
-------------------------+-------+-------+-------++-------
Melee: Flail             |   125 |    16 |       ||   141
       Morningstar       |       |   106 |   179 ||   285
  Use: Scroll            |     1 |       |     4 ||     5
       Potion            |       |     2 |     4 ||     6
Armor: Scale mail        |    84 |    69 |   115 ||   268
Dodge: Dodged            |    73 |    49 |    94 ||   216
Block: Buckler           |    30 |    28 |    70 ||   128

Table legend: (Time is in decaauts)
 A = Elapsed time spent in this place.
 B = Non-inter-level travel time spent in this place.
 C = Inter-level travel time spent in this place.
 D = Time resting spent in this place.
 E = Time spent auto-exploring this place.
 F = Levels seen in this place.
 G = Mean time per level.
                   A        B        C        D        E       F      G
               +--------+--------+--------+--------+--------+-----+--------+
         Total |   4311 |   4192 |    119 |    221 |   3075 |   4 | 1077.8 |
       Dungeon |   4311 |   4192 |    119 |    221 |   3075 |   4 | 1077.8 |
               +--------+--------+--------+--------+--------+-----+--------+

Top non-repeatable levels by time:
     D:3: 1215 daAuts
     D:2: 1179 daAuts
     D:1: 975 daAuts
     D:4: 941 daAuts
